 Dungeon Crawl Stone Soup version 0.22-a0-231-g75390ab (webtiles) character file.

102027 superterranean the Grappler (level 15, -10/140 HPs)
             Began as a Troll Monk on May 25, 2018.
             Was the Champion of Hepliaklqana.
             Mangled by a two-headed ogre
             ... wielding a +0 giant club
              (20 damage)
             ... on level 15 of the Dungeon.
             The game lasted 01:21:20 (22374 turns).

superterranean the Grappler (Troll Monk)           Turns: 22374, Time: 01:21:21

Health: -10/140    AC: 10    Str: 23    XL:     15   Next: 85%
Magic:  23/23      EV: 16    Int: 13    God:    Hepliaklqana [******]
Gold:   1489       SH:  8    Dex: 12    Spells: 12/14 levels left

rFire    + . .     SeeInvis +     - Unarmed
rCold    + + .     Gourm    +   (no shield)
rNeg     . . .     Faith    .   h - +0 troll leather armour
rPois    .         Spirit   .   F - +2 hat {MR+}
rElec    .         Reflect  +   W - scarf {rC+ rF+}
rCorr    .         Harm     .   (gloves unavailable)
MR       ++...                  (boots unavailable)
Stlth    +.........             t - brooch of Shielding {Reflect SH+8}
HPRegen  1.53/turn              v - +2 ring of evasion
MPRegen  0.18/turn              E - ring of see invisible

@: no status effects
A: large, unfitting armour, reduced essence, claws 3, fangs 1, slimy green
scales 1, clever 1, cold resistance 1, deformed body, fast metabolism 3,
gourmand, regeneration 2, shaggy fur 1, tough skin 2
a: Recall Ancestor, Ancestor Identity, Transference, Idealise, Renounce Religion


You were on level 15 of the Dungeon.
You worshipped Hepliaklqana.
Hepliaklqana was exalted by your worship.
You were very full.

You visited 4 branches of the dungeon, and saw 24 of its levels.
You also visited: Bailey, Ice Cave and Volcano.

You collected 2770 gold pieces.
You spent 1281 gold pieces at shops.

Inventory:

Hand Weapons
 K - the +1 quarterstaff "Vebeevoc" {crush, rN+ SInv}
   (You found it on level 5 of the Lair of Beasts)

   It inflicts extra damage upon your enemies.
   It protects you from negative energy.
   It lets you see invisible.
 L - a +0 demon blade of flaming
Missiles
 n - 4 large rocks (quivered)
Armour
 h - a +0 troll leather armour (worn)
 F - a +2 hat of magic resistance (worn)
 M - +2 ice dragon scales
 V - a +0 cloak of invisibility
 W - a scarf of resistance (worn)
Jewellery
 a - an uncursed ring of wizardry
 t - the brooch of Shielding (around neck) {Reflect SH+8}
   (You found it on level 6 of the Dungeon)

   [amulet of reflection]

   It shields you and reflects attacks.
   It affects your SH (+8).
 v - a +2 ring of evasion (left claw)
 E - a ring of see invisible (right claw)
 O - an uncursed ring of protection from cold
 Z - a +3 ring of intelligence
Wands
 e - a wand of paralysis (31)
 m - a wand of acid (3)
 w - a wand of iceblast (17)
 y - a wand of digging (23)
 B - a wand of enslavement (18)
 R - a wand of disintegration (31)
 S - a wand of clouds (7)
Scrolls
 d - 5 scrolls of blinking
 f - 9 scrolls of remove curse
 g - 9 scrolls of teleportation
 i - 3 scrolls of amnesia
 r - 2 scrolls of magic mapping
 u - 3 scrolls of enchant weapon
 x - 6 scrolls of enchant armour
 P - 5 scrolls of identify
 U - a scroll of vulnerability
 X - a scroll of fog
 Y - 6 scrolls of recharging
Potions
 c - a potion of magic
 j - 3 potions of cancellation
 k - 3 potions of resistance
 o - 10 potions of heal wounds
 p - 2 potions of haste
 q - 4 potions of restore abilities
 s - 8 potions of curing
 z - 4 potions of might
 A - 3 potions of brilliance
 C - 4 potions of berserk rage
 D - 2 potions of agility
 G - a potion of ambrosia
 I - 4 potions of flight
 J - 4 potions of invisibility
Miscellaneous
 H - a phial of floods
 T - a lightning rod (4/4)
Comestibles
 b - 45 rations


   Skills:
 + Level 11.9 Fighting
 - Level 10.0 Armour
 + Level 8.7 Dodging
 - Level 1.0 Stealth
 + Level 12.4 Unarmed Combat
 - Level 1.7 Translocations
 - Level 12.3 Invocations
 + Level 7.2 Evocations


You had 12 spell levels left.
You knew the following spells:

 Your Spells              Type           Power        Failure   Level  Hunger
a - Blink                 Tloc           N/A          26%         2    ###....


Dungeon Overview and Level Annotations

Branches:
Dungeon (15/15)            Temple (1/1) D:7            Lair (6/6) D:10
 Shoals (0/4) Lair:4       Spider (0/4) Lair:3        Slime (0/5) Lair:6
    Orc (2/2) D:10            Elf (0/3) Orc:2        Vaults (0/5) D:14
 Depths: D:15

Altars:
Ashenzari
Cheibriados
Dithmenos
Elyvilon
Fedhas
Gozag
Hepliaklqana
Jiyva
Kikubaaqudgha
Makhleb
Nemelex Xobeh
Okawaru
Qazlal
Ru
Sif Muna
Trog
Uskayaw
Vehumet
Wu Jian
Xom
Yredelemnul
Zin
The Shining One
Beogh

Shops:
D:10 !   D:14 !   Orc:2 *?:(

Annotations:
D:9 1 runed door, OOD loot room
Lair:3 exclusion: hydra


Innate Abilities, Weirdness & Mutations

You are too large for most types of armour.
You have claws for hands.
Your metabolism is lightning-fast.
You like to eat raw meat.
You heal very quickly.
You are covered in fur. (AC +1)
You have very tough skin. (AC +2)
Your life essence is reduced to manifest your ancestor. (-10% HP)
You have very sharp teeth.
You are partially covered in slimy green scales. (AC +2)
Your mind is acute. (Int +2)
Your flesh is cold resistant. (rC+)
Armour fits poorly on your strangely shaped body.


Message History

Press: ? - help, Shift-Dir - straight line, f/p - two-headed ogre
Aim: a two-headed ogre, wielding two giant clubs The bolt of acid hits the two-headed ogre.
The two-headed ogre is splashed with acid.
The acid corrodes the two-headed ogre!
The two-headed ogre is heavily wounded.
The ogre mage misses you.
The ogre mage hits you but does no damage.
Unknown command.
The ogre mage hits you with a halberd!
* * * LOW HITPOINT WARNING * * *
Things that are here:
a giant club x2; a two-headed ogre corpse You mangle the ogre mage!!
You bite the ogre mage.
The ogre mage is severely wounded.
The ogre closely misses you. The ogre mage hits you with a halberd.
* * * LOW HITPOINT WARNING * * *
You block the two-headed ogre's attack.
The two-headed ogre hits you with a giant club!!
You die...

........# ........#
........# ........
.........# ...... #........#
######....##### #........#
#.............. #........#
#..............
#....)...#####..............
#........#...######)..######
.........'....@O...†.......
######'##....OO...........
#...#####..............
#.......######+##.....#
#...)....... ....!.
#...)....... ......
#####'##....... ....
#####......#.......
#.#........###########


You could see a two-headed ogre, an ogre mage and an ogre.

Vanquished Creatures
  Rupert (Lair:4)
  3 fire dragons
  3 vault guards (D:14)
  7 hydras
  5 centaur warriors
  2 ogre magi (Orc:2)
  A death knight (D:14)
  17 two-headed ogres
  Nergalle (Lair:2)
  Sonja (Lair:2)
  3 skeletal warriors
  2 unseen horrors
  2 deep trolls (Orc:2)
  A lindwurm (Lair:6)
  2 wizards (D:14)
  A phantasmal warrior (D:14)
  A flayed ghost (D:14)
  2 orc knights
  11 ugly things
  3 necromancers (D:14)
  2 deep elf magi (D:14)
  2 cyclopes (Orc:2)
  2 manticores
  3 salamanders (Volcano)
  7 elephants (Lair:6)
  2 ice statues (IceCv)
  2 black mambas (Lair:6)
  A molten gargoyle (Lair:5)
  A torpor snail (Lair:6)
  7 spiny frogs
  The ghost of cybersaint2k the Changer, a novice SETm (D:4)
  A kobold demonologist (D:14)
  4 freezing wraiths (D:14)
  3 rime drakes
  6 komodo dragons
  13 trolls
  A jumping spider (shapeshifter) (D:14)
  A polar bear (shapeshifter) (D:14)
  Grinder (D:6)
  4 dream sheep (Lair:6)
  3 polar bears (Lair:6)
  2 hornets
  A boulder beetle (Lair:6)
  14 hippogriffs
  9 blink frogs
  A snapping turtle (Lair:4)
  A raiju (shapeshifter) (D:14)
  A spriggan (Lair:2)
  2 shadows
  8 basilisks
  70 yaks
  A wraith (D:15)
  2 fire bats (Volcano)
  2 wyverns
  3 hungry ghosts
  3 vampire mosquitoes
  12 humans (D:14)
  An acid dragon (D:13)
  A warg (Orc:1)
  8 water moccasins
  6 porcupines
  8 hell hounds
  2 sky beasts
  29 orc warriors
  2 hornet zombies (D:14)
  11 ice beasts
  A black bear (D:9)
  2 eyes of draining (D:14)
  27 ogres
  5 wolves (Lair:1)
  12 centaurs
  13 crocodiles
  Blork the orc (D:4)
  2 big kobolds
  2 wyvern zombies (D:14)
  18 bullfrogs
  A gnoll sergeant (D:9)
  5 scorpions
  12 killer bees
  6 wights
  2 electric eels
  5 howler monkeys
  10 crimson imps
  4 lava snakes (Lair:6)
  2 quasits
  6 jellies
  10 orc priests
  12 orc wizards
  3 centaur skeletons
  10 hounds
  Natasha (thrice) (D:4)
  4 iguanas
  15 worker ants
  A killer bee zombie (D:9)
  A sheep (Lair:2)
  3 hound skeletons
  3 hound zombies
  A worker ant zombie (D:7)
  11 gnolls
  11 adders
  A shadow imp (D:14)
  4 oozes (Lair:6)
  4 adder skeletons
  5 worms
  2 dart slugs
  8 leopard geckos
  84 orcs
  2 ball pythons (D:3)
  4 giant cockroaches
  13 goblins
  11 hobgoblins
  18 jackals
  21 kobolds
  10 quokkas
  6 bats
  8 frilled lizards
  A jackal skeleton (D:5)
  A leopard gecko zombie (D:5)
  A quokka zombie (D:3)
  21 rats
  A plant (Lair:1)
786 creatures vanquished.

Vanquished Creatures (collateral kills)
  A hydra (Lair:5)
  A skeletal warrior (D:15)
  A lindwurm (Lair:6)
  2 ugly things
  A black mamba (Lair:6)
  A rime drake (Lair:5)
  A komodo dragon (Lair:4)
  An efreet (D:14)
  3 blink frogs
  2 hippogriffs
  2 wyverns
  2 yaks
  3 humans (D:14)
  2 water moccasins (Lair:3)
  4 orc warriors
  A sky beast (D:7)
  2 ogres
  A centaur (D:14)
  A crocodile (Lair:4)
  A bullfrog (Lair:5)
  2 electric eels (Lair:4)
  A lava snake (Lair:6)
  A centaur skeleton (D:14)
  An orc priest (Orc:2)
  2 orc wizards
  A hexer (Lair:2)
  A gnoll (D:9)
  7 orcs
  4 kobolds
53 creatures vanquished.

Vanquished Creatures (others)
  Nessos (Lair:5)
  A hydra (Lair:6)
  2 elephants (Lair:6)
  A black bear (Lair:5)
  A jelly (D:14)
  24 hexers
  An orc wizard (D:14)
  5 sheep (D:15)
  An ooze (Lair:6)
  4 kobolds (Bailey)
  14 fungi (Lair:6)
  25 plants
80 creatures vanquished.

Grand Total: 919 creatures vanquished

Notes
Turn   | Place    | Note
-------+----------+-------------------------------------------
     0 | D:1      | superterranean the Troll Monk began the quest for the Orb.
     0 | D:1      | Reached XP level 1. HP: 22/22 MP: 0/0
    18 | D:1      | Reached XP level 2. HP: 29/29 MP: 1/1
   559 | D:1      | Reached XP level 3. HP: 36/36 MP: 2/2
  1094 | D:2      | Found a sacrificial altar of Ru.
  1101 | D:2      | Found a basalt altar of Yredelemnul.
  1397 | D:2      | Reached XP level 4. HP: 44/44 MP: 3/3
  1594 | D:3      | Reached skill level 5 in Unarmed Combat
  2088 | D:3      | Reached XP level 5. HP: 44/50 MP: 4/4
  2507 | D:4      | Noticed cybersaint2k's ghost (novice SETm)
  2645 | D:4      | Noticed Natasha
  2652 | D:4      | Killed Natasha
  2652 | D:4      | Reached XP level 6. HP: 47/59 MP: 5/5
  2906 | D:4      | Noticed Natasha
  2912 | D:4      | Killed Natasha
  3025 | D:4      | Killed cybersaint2k's ghost
  3025 | D:4      | Reached XP level 7. HP: 53/66 MP: 6/6
  3040 | D:4      | Noticed Blork the orc
  3046 | D:4      | Killed Blork the orc
  3405 | D:4      | Noticed Natasha
  3411 | D:4      | Killed Natasha
  3576 | D:5      | Entered Level 5 of the Dungeon
  3805 | D:5      | Reached XP level 8. HP: 54/74 MP: 7/7
  4000 | D:5      | Reached skill level 10 in Unarmed Combat
  4292 | D:6      | Noticed Grinder
  4314 | D:6      | Killed Grinder
  4512 | D:6      | Found the brooch of Shielding {Reflect SH+8}
  4512 | D:6      | Found a glowing silver altar of Zin.
  4688 | D:6      | Found a shattered altar of Ashenzari.
  5031 | D:6      | Gained mutation: You are frail. (-10% HP) [potion of mutation]
  5031 | D:6      | Gained mutation: You evolve. [potion of mutation]
  5032 | D:6      | Lost mutation: You are frail. (-10% HP) [potion of mutation]
  5032 | D:6      | Lost mutation: You evolve. [potion of mutation]
  5032 | D:6      | Gained mutation: Your flesh is cold resistant. (rC+) [potion of mutation]
  5032 | D:6      | Gained mutation: Your muscles are strong. (Str +2) [potion of mutation]
  5032 | D:6      | Gained mutation: You possess an exceptional clarity of mind. [potion of mutation]
  5032 | D:6      | Gained mutation: You heal very quickly. [potion of mutation]
  5084 | D:7      | Reached XP level 9. HP: 84/84 MP: 8/8
  5365 | D:7      | Found a staircase to the Ecumenical Temple.
  5535 | D:7      | Reached skill level 5 in Fighting
  5535 | D:7      | Reached skill level 5 in Dodging
  5732 | D:8      | You fall through a shaft for 2 floors!
  5732 | D:10     | Entered Level 10 of the Dungeon
  5732 | D:10     | Found a staircase to the Lair.
  5735 | D:10     | Noticed a two-headed ogre
  5746 | D:10     | Killed a two-headed ogre
  5949 | D:9      | Noticed a two-headed ogre
  5968 | D:9      | Killed a two-headed ogre
  5968 | D:9      | Reached XP level 10. HP: 100/100 MP: 9/9
  5973 | D:9      | Learned a level 2 spell: Blink
  6109 | D:8      | Reached skill level 1 in Translocations
  6153 | Temple   | Entered the Ecumenical Temple
  6255 | Temple   | Became a worshipper of Hepliaklqana the Forgotten
  6255 | Temple   | Reached * piety under Hepliaklqana
  6255 | Temple   | Reached ** piety under Hepliaklqana
  6256 | Temple   | Remembered your ancestor Esmond as a hexer
  6617 | D:7      | Gained mutation: You are dopey. (Int -2) [mutagenic meat]
  6618 | D:7      | Gained mutation: You have very sharp teeth. [mutagenic meat]
  6619 | D:7      | Gained mutation: Your spells are a little easier to cast, but a little less powerful. [mutagenic meat]
  6737 | D:8      | Lost mutation: You are dopey. (Int -2) [potion of mutation]
  6737 | D:8      | Gained mutation: You are frail. (-10% HP) [potion of mutation]
  6737 | D:8      | Gained mutation: Your magical capacity is low. (-10% MP) [potion of mutation]
  6737 | D:8      | Gained mutation: You are resistant to hostile enchantments. (MR+) [potion of mutation]
  6738 | D:8      | Lost mutation: You heal very quickly. [potion of mutation]
  6738 | D:8      | Lost mutation: Your muscles are strong. (Str +2) [potion of mutation]
  6738 | D:8      | Lost mutation: Your flesh is cold resistant. (rC+) [potion of mutation]
  6738 | D:8      | Gained mutation: Your mind is acute. (Int +2) [potion of mutation]
  6738 | D:8      | Gained mutation: You heal very quickly. [potion of mutation]
  6738 | D:8      | Gained mutation: You are highly resistant to hostile enchantments. (MR++) [potion of mutation]
  6834 | D:8      | Noticed a two-headed ogre
  6841 | D:8      | Killed a two-headed ogre
  7104 | D:8      | Noticed a two-headed ogre
  7119 | D:8      | Killed a two-headed ogre
  7755 | D:9      | Reached XP level 11. HP: 86/88 MP: 11/11
  7835 | D:9      | Found a runed door.
  7835 | D:9      | Noticed a deep troll
  7835 | D:9      | Noticed an ettin
  7835 | D:9      | Noticed a stone giant
  7837 | D:9      | Noticed a wolf spider
  7837 | D:9      | Noticed a deep troll
  7837 | D:9      | Noticed a wolf spider
  7844 | D:9      | Noticed a harpy
  7953 | D:10     | Found a staircase to the Orcish Mines.
  8045 | D:10     | Reached *** piety under Hepliaklqana
  8463 | D:10     | Lost mutation: You possess an exceptional clarity of mind. [mutagenic meat]
  8464 | D:10     | Gained mutation: You occasionally shout uncontrollably at your foes. [mutagenic meat]
  8504 | D:10     | Found Vonidd's Distillery.
  8516 | D:10     | Bought a potion of heal wounds for 75 gold pieces
  8516 | D:10     | Bought a potion of mutation for 120 gold pieces
  8516 | D:10     | Bought a potion of heal wounds for 75 gold pieces
  8516 | D:10     | Bought 2 potions of flight for 90 gold pieces
  8516 | D:10     | Bought a potion of heal wounds for 75 gold pieces
  8516 | D:10     | Bought 2 potions of might for 120 gold pieces
  8516 | D:10     | Bought a potion of invisibility for 120 gold pieces
  8516 | D:10     | Lost mutation: Your magical capacity is low. (-10% MP) [potion of mutation]
  8516 | D:10     | Lost mutation: You occasionally shout uncontrollably at your foes. [potion of mutation]
  8516 | D:10     | Lost mutation: Your mind is acute. (Int +2) [potion of mutation]
  8516 | D:10     | Lost mutation: You are highly resistant to hostile enchantments. (MR++) [potion of mutation]
  8516 | D:10     | Lost mutation: You are frail. (-10% HP) [potion of mutation]
  8516 | D:10     | Gained mutation: Your flesh is cold resistant. (rC+) [potion of mutation]
  8516 | D:10     | Gained mutation: Armour fits poorly on your strangely shaped body. [potion of mutation]
  8516 | D:10     | Gained mutation: Your muscles are strong. (Str +2) [potion of mutation]
  8738 | Lair:1   | Entered Level 1 of the Lair of Beasts
  8772 | Lair:1   | Reached skill level 5 in Invocations
  8878 | Lair:1   | Noticed a five-headed hydra
  9046 | Lair:1   | Killed a five-headed hydra
  9141 | Lair:1   | Found a frozen archway.
  9150 | IceCv    | Entered an ice cave
  9150 | IceCv    | Noticed a white ugly thing
  9174 | IceCv    | Killed a white ugly thing
  9185 | IceCv    | Gained mutation: You are partially covered in slimy green scales. (AC +2) [mutagenic meat]
  9189 | IceCv    | Found a transporter.
  9205 | IceCv    | Noticed a white ugly thing
  9216 | IceCv    | Killed a white ugly thing
 10041 | Lair:2   | Reached **** piety under Hepliaklqana
 10059 | Lair:2   | Noticed Nergalle
 10072 | Lair:2   | Killed Nergalle
 10392 | Lair:2   | Noticed a seven-headed hydra
 10406 | Lair:2   | Killed an eight-headed hydra
 10406 | Lair:2   | Reached skill level 10 in Fighting
 10406 | Lair:2   | Reached XP level 12. HP: 12/113 MP: 16/16
 10698 | Lair:2   | Noticed Sonja
 10723 | Lair:2   | Killed Sonja
 11034 | Lair:3   | Noticed a four-headed hydra
 11218 | Lair:3   | Reached ***** piety under Hepliaklqana
 11251 | Lair:3   | Noticed a six-headed hydra
 11357 | Lair:3   | Killed a four-headed hydra
 11400 | Lair:3   | Found a hole to the Spider Nest.
 11456 | Lair:3   | Noticed a six-headed hydra
 11605 | Lair:4   | Identified 3 scrolls of acquirement
 11886 | Lair:4   | Reached skill level 1 in Armour
 11926 | Lair:4   | Found a staircase to the Shoals.
 11987 | Lair:4   | Noticed Rupert
 12009 | Lair:4   | Killed Rupert
 12282 | Lair:4   | Reached skill level 10 in Invocations
 12444 | Lair:4   | You fall through a shaft for 2 floors!
 12444 | Lair:6   | Entered Level 6 of the Lair of Beasts
 12461 | Lair:6   | Killed a four-headed hydra
 12560 | Lair:6   | Found a staircase to the Slime Pits.
 12584 | Lair:6   | Noticed a six-headed hydra
 12733 | Lair:5   | Reached XP level 13. HP: 117/122 MP: 19/19
 12840 | Lair:5   | Got a smoking quarterstaff
 12841 | Lair:5   | Identified the cursed +1 quarterstaff "Vebeevoc" {crush, rN+ SInv} (You found it on level 5 of the Lair of Beasts)
 13229 | Lair:5   | Noticed Nessos
 13257 | Lair:5   | HP: 3/122 [Nessos/arrow (18)]
 13258 | Lair:5   | Killed Nessos
 13258 | Lair:5   | Reached skill level 5 in Armour
 14173 | Lair:6   | Found a large runed door.
 14958 | Lair:6   | HP: 5/122 [blink frog (11)]
 15143 | Lair:6   | Found a snail-covered altar of Cheibriados.
 15363 | Lair:6   | Found a large runed door.
 15363 | Lair:6   | Reached ****** piety under Hepliaklqana
 15378 | Lair:6   | Noticed a fire dragon
 15386 | Lair:6   | Killed a fire dragon
 15386 | Lair:6   | Reached XP level 14. HP: 70/129 MP: 22/22
 15710 | Orc:1    | Entered Level 1 of the Orcish Mines
 15723 | Orc:1    | Reached skill level 1 in Evocations
 15763 | Orc:1    | Found a dark tunnel.
 15795 | Volcano  | Entered a volcano
 16045 | Orc:1    | Found a roughly hewn altar of Beogh.
 16153 | Orc:2    | Entered Level 2 of the Orcish Mines
 16814 | Orc:2    | Found Polets's Magic Scroll Emporium.
 16816 | Orc:2    | Found Cyxyzuri's Antique Weapon Shoppe.
 17073 | Orc:2    | Found a staircase to the Elven Halls.
 17399 | Orc:2    | Found Kapsale's Assorted Antiques.
 17449 | Orc:2    | Found Wour's Book Emporium.
 17453 | Orc:2    | Bought a jewelled fluorescent wand for 116 gold pieces
 17746 | D:11     | Reached skill level 5 in Evocations
 18030 | D:11     | Reached skill level 10 in Armour
 18315 | D:11     | Found a roughly hewn altar of Beogh.
 18484 | D:12     | Found a flagged portal.
 18511 | Bailey   | Entered a bailey
 18652 | Bailey   | Found an iron altar of Okawaru.
 18896 | D:12     | Found a shattered altar of Ashenzari.
 19366 | D:13     | Reached XP level 15. HP: 135/137 MP: 23/23
 20361 | D:14     | Paralysed by a hornet for 3 turns
 20663 | D:14     | Lost mutation: You are resistant to hostile enchantments. (MR+) [potion of mutation]
 20663 | D:14     | Lost mutation: Your spells are a little easier to cast, but a little less powerful. [potion of mutation]
 20663 | D:14     | Lost mutation: Your muscles are strong. (Str +2) [potion of mutation]
 20663 | D:14     | Gained mutation: Your mind is acute. (Int +2) [potion of mutation]
 21026 | D:14     | Found a gate to the Vaults.
 21380 | D:14     | Found Toathaix's Distillery.
 21387 | D:14     | Bought a potion of heal wounds for 70 gold pieces
 21387 | D:14     | Bought a potion of heal wounds for 70 gold pieces
 21387 | D:14     | Bought 3 potions of heal wounds for 210 gold pieces
 21387 | D:14     | Bought a potion of heal wounds for 70 gold pieces
 21387 | D:14     | Bought a potion of heal wounds for 70 gold pieces
 21688 | D:15     | Entered Level 15 of the Dungeon
 21865 | D:15     | Found a shimmering altar of Xom.
 22374 | D:15     | Mangled by a two-headed ogre

Vault maps used:
D:1:      erik_arrival_orb_chamber
D:2:      amethyst_overflow_temple_binary, first_ration
D:3:      kb_forest_paths, serial_corexii_hall, corexii_hall_statues_x,
          corexii_hall_statues_x
D:4:      uniq_natasha, uniq_blork_the_orc
D:6:      basic_altar, nicolae_ashenzari_panopticon, uniq_grinder
D:7:      statuecave_lemuel, minmay_temple_entry_from_below_b
D:9:      minmay_gate_of_8
D:10:     lair_entry_dummy, david_orc_2, serial_shops, nicolae_shop_trees
D:11:     special_room
D:12:     basic_altar, enter_bailey_3
D:14:     minmay_the_grid_3x3, grunt_vaults_entry_tiered, serial_shops,
          kennysheep_mini
D:15:     grunt_enter_depths_hoard, kb_xom_exploding_sheep
Temple:   kilobyte_greek_temple
Lair:1:   portal_ice_cave_entry_pillars_1, hibernation_bobbens
Lair:2:   grunt_forest_large_clearing_hut, serial_bayou_shore_b,
          infiniplex_staircase_pool, grunt_megastairs_2, uniq_nergalle,
          uniq_sonja
Lair:3:   spider_nest_entry_web_field, st_stairs_8, uniq_fannar
Lair:4:   minmay_shoals_entry_hut, serial_bayou_shore_a, uniq_rupert
Lair:5:   nicolae_quartered_pool_medium, uniq_nessos
Lair:6:   cheibrodos_lair_end_hotspot, nicolae_slime_entry_slimehenge,
          kennysheep_snail_temple
Orc:1:    enter_volcano_3, basic_altar
Orc:2:    st_orc_open
Bailey:   bailey_axe_3, bailey
IceCv:    ice_cave_statue_garden_teleport
Volcano:  volcano_village

Skill      XL: |  1  2  3  4  5  6  7  8  9 10 11 12 13 14 15 |
---------------+----------------------------------------------+-----
Unarmed Combat | 4 5 6 8 9 11 12 | 12.4
Fighting       | 3 6 8 10 11 | 11.9
Dodging        | 3 6 7 8 |  8.7
Translocations | 1 |  1.7
Invocations    | 4 7 10 12 | 12.3
Armour         | 4 8 10 | 10.0
Evocations     | 5 7 |  7.2
Stealth        | |  1.0

Action                   |  1- 3 |  4- 6 |  7- 9 | 10-12 | 13-15 || total
-------------------------+-------+-------+-------+-------+-------++-------
Melee: Unarmed           |   112 |   152 |   249 |   601 |  1498 ||  2612
       Punch             |     3 |     3 |    16 |    34 |    96 ||   152
       Bite              |       |       |       |    53 |   198 ||   251
       Quarterstaff      |       |       |       |       |     3 ||     3
 Cast: Blink             |       |       |       |     4 |       ||     4
Invok: Ancestor Life: He |       |       |       |     1 |       ||     1
       Ancestor Identity |       |       |       |     1 |       ||     1
       Recall Ancestor   |       |       |       |     1 |     2 ||     3
       Transference      |       |       |       |       |     4 ||     4
       Idealise          |       |       |       |       |     1 ||     1
Evoke: Phial of floods   |       |       |       |     1 |       ||     1
       Lightning rod     |       |       |       |     4 |     3 ||     7
       Wand              |       |       |       |       |    18 ||    18
  Use: Scroll            |       |       |    11 |    21 |     9 ||    41
       Potion            |       |       |     3 |     9 |     3 ||    15
 Stab: Sleeping          |     5 |     4 |     5 |     4 |     1 ||    19
       Confused          |       |       |       |     6 |     7 ||    13
       Distracted        |       |       |       |    10 |     9 ||    19
       Paralysed         |       |       |       |       |    10 ||    10
  Eat: Chunk             |    18 |    14 |    28 |    78 |    96 ||   234
Armor: Robe              |    30 |    53 |    36 |    65 |    85 ||   269
       Skin              |       |       |       |    21 |       ||    21
       Ice dragon scales |       |       |       |       |    17 ||    17
       Troll leather arm |       |       |       |       |   184 ||   184
Dodge: Dodged            |    54 |    66 |   109 |   297 |   759 ||  1285
Block: Other             |       |       |    29 |   162 |   500 ||   691
       Reflection        |       |       |     1 |     5 |    36 ||    42

Table legend:
 A = Spawn XP
 B = Non-spawn XP
 C = Spawn XP percentage of total XP
 D = Spawn monster count
 E = Non-spawn monster count
 F = Spawn count percentage of total count
 G = Total turns spent on level
                    A         B        C        D         E        F      G
               +---------+---------+-------+---------+---------+-------+---------
         Total |       0 |  145753 |   0.0 |       0 |     844 |   0.0 | 22374
               +---------+---------+-------+---------+---------+-------+---------
           D:1 |       0 |      44 |   0.0 |       0 |      31 |   0.0 |   761
           D:2 |       0 |      57 |   0.0 |       0 |      22 |   0.0 |   830
           D:3 |       0 |     207 |   0.0 |       0 |      46 |   0.0 |  1238
           D:4 |       0 |     886 |   0.0 |       0 |      22 |   0.0 |   747
           D:5 |       0 |     398 |   0.0 |       0 |      14 |   0.0 |   716
           D:6 |       0 |    1129 |   0.0 |       0 |      22 |   0.0 |   815
           D:7 |       0 |    1326 |   0.0 |       0 |      24 |   0.0 |   788
           D:8 |       0 |    3156 |   0.0 |       0 |      32 |   0.0 |   855
           D:9 |       0 |    3021 |   0.0 |       0 |      34 |   0.0 |   999
          D:10 |       0 |    1711 |   0.0 |       0 |      36 |   0.0 |   930
          D:11 |       0 |    7660 |   0.0 |       0 |      63 |   0.0 |   831
          D:12 |       0 |    6392 |   0.0 |       0 |      47 |   0.0 |   722
          D:13 |       0 |    4251 |   0.0 |       0 |      20 |   0.0 |   866
          D:14 |       0 |   29332 |   0.0 |       0 |      94 |   0.0 |  1474
          D:15 |       0 |    9722 |   0.0 |       0 |      22 |   0.0 |   686
        Lair:1 |       0 |    3594 |   0.0 |       0 |      17 |   0.0 |  1121
        Lair:2 |       0 |    5382 |   0.0 |       0 |      18 |   0.0 |   974
        Lair:3 |       0 |    3841 |   0.0 |       0 |      16 |   0.0 |   441
        Lair:4 |       0 |    6601 |   0.0 |       0 |      20 |   0.0 |   996
        Lair:5 |       0 |    7811 |   0.0 |       0 |      25 |   0.0 |  1439
        Lair:6 |       0 |   23342 |   0.0 |       0 |      90 |   0.0 |  1723
         Orc:1 |       0 |    4830 |   0.0 |       0 |      25 |   0.0 |   766
         Orc:2 |       0 |   14566 |   0.0 |       0 |      69 |   0.0 |   969
        Bailey |       0 |     956 |   0.0 |       0 |      16 |   0.0 |   188
         IceCv |       0 |    2601 |   0.0 |       0 |      10 |   0.0 |   222
       Volcano |       0 |    2937 |   0.0 |       0 |       9 |   0.0 |   137
               +---------+---------+-------+---------+---------+-------+---------
